 Dungeon Crawl Stone Soup version 0.20-a0-830-g2c9a30d (webtiles) character file.

9723 Laan the Spear-Bearer (level 11, -2/121 HPs)
             Began as a Demonspawn Berserker on Mar 7, 2017.
             Was a High Priest of Trog.
             Slain by a yak (9 damage)
             ... on level 1 of the Lair of Beasts.
             The game lasted 00:20:42 (9038 turns).

Laan the Spear-Bearer (Demonspawn Berserker)        Turns: 9038, Time: 00:20:43

Health: -2/121     AC: 25    Str: 26    XL:     11   Next: 26%
Magic:  0/3        EV:  2    Int:  8    God:    Trog [*****.]
Gold:   541        SH: 13    Dex: 13    Spells: 10/10 levels left

rFire    . . .     SeeInvis .   L - +5 trident (antimagic)
rCold    . . .     Gourm    .   (armour currently unavailable)
rNeg     + + +     Faith    .   i - +0 shield
rPois    +         Spirit   +   (helmet currently unavailable)
rElec    .         Reflect  +   (cloak currently unavailable)
rCorr    .         Harm     .   (gloves currently unavailable)
MR       ++...     NoTele   +   (boots unavailable)
Stlth    +.........             k - +3 amulet of reflection
Regen    1.3/turn               (no ring)
MPRegen  0.2/turn               o - +5 ring of strength

@: exhausted, tree-form, regenerating, slowed, very slow
A: (hooves 0), (large bone plates 0), (fire resistance 0), magic shield, magic
regeneration
a: Berserk, Trog's Hand, Brothers in Arms, Burn Spellbooks, Renounce Religion


You were on level 1 of the Lair of Beasts.
You worshipped Trog.
Trog was extremely pleased with you.
You were hungry.
You were a tree.
You visited 2 branches of the dungeon, and saw 10 of its levels.

You collected 541 gold pieces.

Inventory:

Hand Weapons
 D - a +0 trident
 L - a +5 antimagic trident (weapon)
Missiles
 h - 4 javelins (quivered)
Armour
 a - a cursed +0 pair of gloves (melded)
 i - a +0 shield (worn)
 p - a +0 hat of see invisible (melded)
 q - a +0 chain mail (melded)
 r - a +1 helmet of intelligence
 x - a +1 cloak of magic resistance (melded)
Jewellery
 k - a +3 amulet of reflection (around neck)
 o - a +5 ring of strength (left branch)
 O - a +3 ring of slaying {unknown}
Wands
 y - a wand of enslavement (16/24)
 B - a wand of iceblast (6/15)
 C - a wand of clouds (2/9)
 E - a wand of lightning (8/15)
 I - a wand of confusion (26/48)
 S - a wand of iceblast (5/15)
Scrolls
 e - 4 scrolls of teleportation
 g - 11 scrolls of identify
 j - 4 scrolls of immolation
 t - a scroll of remove curse
 u - 3 scrolls of blinking {unknown}
 w - 2 scrolls of enchant weapon {unknown}
 z - a scroll of magic mapping {unknown}
 G - a scroll of recharging {unknown}
 J - a scroll of enchant armour {unknown}
 K - a scroll of random uselessness {unknown}
 M - a scroll of noise {unknown}
 N - a scroll of fear {unknown}
 Q - a scroll of fog {unknown}
Potions
 b - 14 potions of degeneration
 d - 3 potions of lignification
 l - 2 potions of agility {unknown}
 m - 9 potions of curing {unknown}
 n - a potion of might {unknown}
 s - 3 potions of heal wounds {unknown}
 v - a potion of cancellation {unknown}
 A - a potion of flight {unknown}
 F - 2 potions of ambrosia {unknown}
 P - 3 potions of haste {unknown}
Comestibles
 c - 6 bread rations
 f - 8 royal jellies
 H - 2 meat rations
 R - 6 chunks of flesh


   Skills:
 + Level 5.7 Fighting
 * Level 14.0 Polearms
 + Level 4.4 Armour
 - Level 1.7 Dodging
 + Level 4.6 Shields


You had 10 spell levels left.
You didn't know any spells.

Dungeon Overview and Level Annotations

Branches:
Dungeon (9/15)             Temple (0/1) D:4            Lair (1/6) D:9
    Orc (0/2) D:9

Altars:
Ashenzari
Cheibriados
Dithmenos
Elyvilon
Fedhas
Gozag
Hepliaklqana
Makhleb
Qazlal
Ru
The Shining One


Innate Abilities, Weirdness & Mutations

((You have hooves in place of feet.))
((You are partially covered in large bone plates. (SH +4)))
((Your flesh is heat resistant. (rF+)))
When hurt, damage is shared between your health and your magic reserves.
You regenerate magic rapidly.


Message History

You block the yak's attack. x2
You turn into a tree.
Your +1 cloak of magic resistance melds into your body.
Your +0 hat of see invisible melds into your body.
Your cursed +0 pair of gloves melds into your body.
Your +0 chain mail melds into your body.
You feel less resistant to hostile enchantments.
You feel less perceptive.
Your roots penetrate the ground.
The yak gores you but does no damage. You block the yak's attack.
The yak gores you but does no damage. You block the yak's attack.
The yak gores you!
* * * LOW HITPOINT WARNING * * *
You hit the yak.
The yak is heavily wounded.
The yak gores you but does no damage. x3
You hit the yak.
The yak is severely wounded.
The yak gores you but does no damage. The yak completely misses you.
The yak gores you!
You die...

....#..P####........
...........#....... .
..P........#...... #.#
..P........#....##..#
..#........P........
...........P....##
..#........#...%#
..#.............##
..###..###+#....♣#
...............YYY......
........................
........................
........................
........................
........................
...#..##.#.....#..#.##.P
..##.## #./...


You could see 3 yaks.

Vanquished Creatures
  Gastronok (Lair:1)
  The ghost of lupus83 the Fencer, a journeyman MiFi of Ru (Lair:1)
  A spiny frog (Lair:1)
  The ghost of M4edhros the Slasher, a novice OpFi of Gozag (D:5)
  A troll (D:9)
  Prince Ribbit (D:7)
  A hippogriff (D:9)
  4 hogs (D:7)
  A wyvern (D:9)
  7 yaks (Lair:1)
  A human (D:7)
  A hungry ghost (D:9)
  A water moccasin (D:6)
  A black bear (D:8)
  An ice beast (D:6)
  4 orc warriors
  A swamp drake (D:9)
  3 sky beasts
  2 phantoms
  3 ogres (D:6)
  A centaur (D:9)
  A crocodile (D:9)
  A big kobold (D:8)
  2 bullfrogs
  A wyvern skeleton (D:8)
  3 scorpions
  6 killer bees (D:9)
  7 wights
  3 howler monkeys
  7 crimson imps
  2 hounds
  A jelly (D:7)
  13 orc priests
  Crazy Yiuf (D:5)
  13 orc wizards
  An iguana (D:9)
  Natasha (thrice) (D:2)
  4 worker ants
  A hound zombie (D:6)
  Robin (D:4)
  A howler monkey skeleton (D:7)
  8 adders
  3 gnolls (D:7)
  A shadow imp (D:5)
  2 adder zombies
  An ooze (D:2)
  2 adder skeletons
  A dart slug (D:1)
  5 leopard geckos
  35 orcs
  A ball python (D:2)
  2 giant cockroaches
  14 goblins
  11 hobgoblins
  19 jackals
  4 quokkas
  8 bats
  6 frilled lizards
  13 kobolds
  A quokka zombie (D:6)
  14 rats
261 creatures vanquished.

Vanquished Creatures (others)
  Sonja (D:9)
  A centaur (D:7)
  An orc (D:7)
  A quokka (D:6)
4 creatures vanquished.

Grand Total: 265 creatures vanquished

Notes
Turn   | Place    | Note
-------+----------+-------------------------------------------
     0 | D:1      | Laan the Demonspawn Berserker began the quest for the Orb.
     0 | D:1      | Reached XP level 1. HP: 18/18 MP: 1/1
    66 | D:1      | Reached skill level 3 in Polearms
   313 | D:1      | Gained mutation: You have large cloven feet. [demonic ancestry]
   313 | D:1      | Reached XP level 2. HP: 24/24 MP: 2/2
   570 | D:1      | Reached ** piety under Trog
   896 | D:1      | Gained mutation: You have hoof-like feet. [demonic ancestry]
   896 | D:1      | Reached XP level 3. HP: 28/29 MP: 3/3
  1137 | D:2      | Reached skill level 4 in Polearms
  1206 | D:2      | Noticed Natasha
  1218 | D:2      | Killed Natasha
  1296 | D:2      | Gained mutation: You have hooves in place of feet. [demonic ancestry]
  1296 | D:2      | Reached XP level 4. HP: 20/35 MP: 4/4
  1703 | D:2      | Found a shadowy altar of Dithmenos.
  1703 | D:2      | Found a snail-covered altar of Cheibriados.
  1704 | D:2      | Found a sacrificial altar of Ru.
  1753 | D:2      | Found a shattered altar of Ashenzari.
  2114 | D:2      | Noticed Natasha
  2118 | D:2      | Killed Natasha
  2118 | D:2      | Reached skill level 5 in Polearms
  2219 | D:2      | Noticed Natasha
  2225 | D:2      | Killed Natasha
  2225 | D:2      | Reached XP level 5. HP: 33/41 MP: 5/5
  2317 | D:3      | Reached *** piety under Trog
  2439 | D:3      | Found a stormy altar of Qazlal.
  2703 | D:3      | Reached skill level 6 in Polearms
  2860 | D:4      | Found a staircase to the Ecumenical Temple.
  2894 | D:4      | Found a hazy altar of Hepliaklqana.
  3053 | D:4      | Gained mutation: When hurt, damage is shared between your health and your magic reserves. [demonic ancestry]
  3053 | D:4      | Reached XP level 6. HP: 43/47 MP: 6/6
  3620 | D:4      | Noticed Robin
  3635 | D:4      | Killed Robin
  3667 | D:4      | Found a blossoming altar of Fedhas.
  3918 | D:5      | Entered Level 5 of the Dungeon
  4006 | D:5      | Noticed M4edhros's ghost (novice OpFi)
  4011 | D:5      | Reached skill level 7 in Polearms
  4017 | D:5      | Killed M4edhros's ghost
  4017 | D:5      | Reached skill level 8 in Polearms
  4017 | D:5      | Gained mutation: You regenerate magic rapidly. [demonic ancestry]
  4017 | D:5      | Reached XP level 7. HP: 49/52 MP: 4/7
  4156 | D:5      | Reached **** piety under Trog
  4572 | D:5      | Reached skill level 9 in Polearms
  4572 | D:5      | Gained mutation: Your flesh is heat resistant. (rF+) [demonic ancestry]
  4572 | D:5      | Reached XP level 8. HP: 51/58 MP: 8/8
  4666 | D:5      | Found a runed door.
  4670 | D:5      | Noticed Crazy Yiuf
  4675 | D:5      | Killed Crazy Yiuf
  4816 | D:6      | Found an opulent altar of Gozag.
  5107 | D:6      | Found a white marble altar of Elyvilon.
  5158 | D:6      | Reached skill level 10 in Polearms
  5898 | D:7      | Reached skill level 11 in Polearms
  5898 | D:7      | Reached XP level 9. HP: 63/63 MP: 7/9
  6199 | D:7      | Reached ***** piety under Trog
  6390 | D:7      | Found a glowing golden altar of the Shining One.
  6469 | D:7      | Reached skill level 12 in Polearms
  6553 | D:7      | Noticed Prince Ribbit
  6561 | D:7      | Killed Prince Ribbit
  6924 | D:8      | Found a burning altar of Makhleb.
  7085 | D:8      | Reached skill level 1 in Shields
  7099 | D:8      | Gained mutation: You are partially covered in large bone plates. (SH +4) [demonic ancestry]
  7099 | D:8      | Reached XP level 10. HP: 70/70 MP: 7/10
  7154 | D:8      | Reached skill level 13 in Polearms
  7783 | D:9      | Found a staircase to the Lair.
  7841 | D:9      | Received a gift from Trog
  8464 | D:9      | Found a staircase to the Orcish Mines.
  8737 | Lair:1   | Entered Level 1 of the Lair of Beasts
  8737 | Lair:1   | Noticed Sonja
  8737 | Lair:1   | Noticed Gastronok
  8819 | D:9      | Killed Sonja
  8863 | Lair:1   | Killed Gastronok
  8863 | Lair:1   | Reached skill level 5 in Fighting
  8863 | Lair:1   | Reached XP level 11. HP: 79/79 MP: 3/11
  9000 | Lair:1   | Noticed lupus83's ghost (journeyman MiFi)
  9021 | Lair:1   | Killed lupus83's ghost
  9027 | Lair:1   | Reached skill level 14 in Polearms
  9036 | Lair:1   | HP: 4/121 [yak (8)]
  9038 | Lair:1   | Slain by a yak

Vault maps used:
D:1:      onia_arrival_larder
D:2:      ashenzari_conservatory_becter, gammafunk_temple_overflow_claw,
          first_bread, roderic_aztec_sauvastika, minmay_misc_feat_rows,
          uniq_natasha
D:3:      grunt_qazlal_sundering
D:4:      kennysheep_mini_moat, lemuel_round_altar, minmay_temple_entry_mist,
          lemuel_flame_loot_1, uniq_robin
D:5:      uniq_crazy_yiuf_cottage
D:6:      elyvilon_altar_4, grunt_gozag_breadcrumbs
D:7:      nicolae_tso_carved_into_rock, grunt_livestock, st_stairs_6,
          uniq_prince_ribbit1
D:8:      bloody_makhleb
D:9:      lair_entry_dummy, erik_orc_1
Lair:1:   beast_lair_carwin_8, uniq_sonja, uniq_gastronok

Skill      XL: |  1  2  3  4  5  6  7  8  9 10 11 |
---------------+----------------------------------+-----
Polearms       | 3 4 5 6 8 9 11 12 13 14 | 14.0
Shields        | 1 4 |  4.6
Armour         | 2 3 4 |  4.4
Fighting       | 5 |  5.7
Dodging        | |  1.7

Action                   |  1- 3 |  4- 6 |  7- 9 | 10-12 || total
-------------------------+-------+-------+-------+-------++-------
Melee: Spear             |   148 |   199 |   388 |       ||   735
       Kick              |    29 |    44 |   151 |   100 ||   324
       Trident           |       |       |   105 |   300 ||   405
Throw: Javelin           |       |       |     6 |       ||     6
Invok: Berserk           |     1 |     4 |    10 |     7 ||    22
       Trog's Hand       |       |       |       |     1 ||     1
  Use: Scroll            |       |     5 |       |       ||     5
       Potion            |       |       |       |     1 ||     1
 Stab: Sleeping          |     4 |       |       |       ||     4
  Eat: Chunk             |     2 |    12 |    20 |     7 ||    41
       Fruit             |       |       |       |     2 ||     2
       Meat ration       |       |       |       |     1 ||     1
Armor: Animal skin       |    22 |     4 |       |       ||    26
       Chain mail        |       |    27 |   116 |    82 ||   225
       Scale mail        |       |     4 |       |       ||     4
       Skin              |       |       |       |     6 ||     6
Dodge: Dodged            |    80 |    31 |    57 |    28 ||   196
Block: Shield            |       |    59 |   157 |   196 ||   412
       Reflection        |       |       |     6 |     6 ||    12
